 Dungeon Crawl Stone Soup version 0.30-b1-2-g02819fbbbe (webtiles) character file.

Game seed: 4566420597990970

112 infinitevox the Firebug (level 4, -7/32 HPs)
             Began as a Demonspawn Wanderer on May 3, 2023.
             Mangled by a large abomination (33 damage)
             ... on level 2 of the Abyss.
             The game lasted 00:07:58 (1718 turns).

infinitevox the Firebug (Demonspawn Wanderer)       Turns: 1718, Time: 00:07:58

Health: -7/32      AC:  9    Str: 14    XL:     4   Next: 63%
Magic:  5/5        EV: 11    Int: 13    God:
Gold:   88         SH:  0    Dex: 13    Spells: 4/5 levels left

rFire   . . .        g - +2 rapier (venom)
rCold   + . .        (no shield)
rNeg    . . .        k - +0 ring mail
rPois   .            p - +0 hat
rElec   .            l - +0 cloak
rCorr   .            e - +2 pair of gloves
SInv    .            (no boots)
Will    .....        (no amulet)
Stlth   ++           q - ring of protection from cold
HPRegen 0.25/turn    (no ring)
MPRegen 0.09/turn

%: no passive effects
@: about to teleport
A: hooves 1, foul stench 1, sturdy frame 1
a: no special abilities


You were on level 2 of the Abyss.
You visited 1 branch of the dungeon, and saw 2 of its levels.
You visited the Abyss 1 time.

You collected 88 gold pieces.

Inventory:

Hand Weapons
 g - a +2 rapier of venom (weapon)
 n - the +1 flail of Beyond {pain, Str+6}
   (You found it on level 2 of the Dungeon)

   Str:       It affects your strength (+6).
Missiles
 s - 3 boomerangs of dispersal
Armour
 e - a +2 pair of gloves (worn)
 k - a +0 ring mail (worn)
 l - a +0 cloak (worn)
 p - a +0 hat (worn)
Jewellery
 q - a ring of protection from cold (left hand)
Scrolls
 d - a scroll of silence {unknown}
 f - a scroll of fog {unknown}
 j - a scroll of fear {unknown}
 m - a scroll of enchant armour {unknown}
 o - a scroll of identify {unknown}
Potions
 a - a potion of lignification {unknown}
 b - 5 potions of curing {unknown}
 h - 3 potions of mutation {unknown}
 i - 2 potions of attraction {unknown}
 r - a potion of ambrosia {unknown}


   Skills:
 - Level 1.0 Fighting
 - Level 3.0 Maces & Flails
 + Level 2.1 Dodging
 - Level 2.0 Stealth
 - Level 1.0 Spellcasting
 + Level 3.4 Fire Magic
 - Level 1.2 Invocations


You had 4 spell levels left.
You knew the following spells:

 Your Spells              Type           Power      Damage    Failure   Level
a - Foxfire               Conj/Fire      20%        2x1d5     21%         1

Your spell library contained the following spells:

 Spells                   Type           Power      Damage    Failure   Level
 Scorch                   Fire           18%        2d5       16%         2
 Sticky Flame             Conj/Fire      5%         2d3       90%         4


Dungeon Overview and Level Annotations

Branches:
Dungeon (2/15)

Altars:

Annotations:
D:2 Crazy Yiuf


Innate Abilities, Weirdness & Mutations

You have large cloven feet.
You may rarely emit foul miasma when damaged in melee.
Your movements are slightly less encumbered by armour. (ER -2)


Message History

s - 3 boomerangs of dispersal You see here 4 boomerangs.
There is an open door here.
You see here an adder corpse.
You open the door.
Crazy Yiuf shouts!
Crazy Yiuf waves his quarterstaff at you.
Casting: Foxfire (safe; 21% risk of failure)
Confirm with . or Enter, or press ? or * to list all spells.
You conjure some foxfire!
The foxfire hits Crazy Yiuf.
Crazy Yiuf is lightly wounded.
The foxfire hits Crazy Yiuf.
Crazy Yiuf is moderately wounded.
Casting: Foxfire (safe; 21% risk of failure)
Confirm with . or Enter, or press ? or * to list all spells.
You conjure some foxfire!
Crazy Yiuf screams, "Seed pizzabubble ragdoll!"
The foxfire hits Crazy Yiuf but does no damage.
Crazy Yiuf is moderately wounded.
The foxfire hits Crazy Yiuf.
Crazy Yiuf is severely wounded.
Crazy Yiuf cries, "Snoogle turtle light!"
You barely miss Crazy Yiuf. Your kick misses Crazy Yiuf.
Crazy Yiuf is severely wounded.
Crazy Yiuf hits you with a +4 quarterstaff of chaos!
Crazy Yiuf burns you. Crazy Yiuf hits you but does no damage.
You are cast into the Abyss!
To return, you must find a gate leading back.
Killing monsters will force the Abyss to allow you passage.
This branch contains the abyssal rune of Zot.
Okay, then.
Found a gateway leading deeper into the Abyss.
A bunyip zombie comes into view.
As you read the scroll of teleportation, it crumbles to dust.
You feel strangely unstable.
You feel the power of the Abyss delaying your translocation!
The large abomination hits you!!
Ouch! That really hurt!
You die...

.. .. ###.#
...#.##
..#..#.####
#...#....##
#.#x@..#
#.ZX#...#
........####.#
#.#..#..# ..
#. ##.. #.# #
#.#. . .§ ..
#§# .. . ###


You could see a large abomination, a small abomination and a bunyip zombie.

Vanquished Creatures
  6 adders (D:2)
  A worm (D:2)
  2 dart slugs
  5 ball pythons
  3 bats
  6 endoplasms
  2 giant cockroaches
  5 goblins
  4 hobgoblins (D:1)
  3 kobolds (D:1)
  3 quokkas
  5 frilled lizards
  4 rats
49 creatures vanquished.

Vanquished Creatures (others)
  3 foxfires (D:2)
3 creatures vanquished.

Grand Total: 52 creatures vanquished

Notes
Turn   | Place    | Note
-------+----------+-------------------------------------------
     0 | D:1      | infinitevox the Demonspawn Wanderer began the quest for the
                  | Orb.
     0 | D:1      | infinitevox set off with the following items: a +0 mace, a
                  | +0 pair of gloves, a scroll of teleportation, a +0 leather
                  | armour; and the following spell memorised: Foxfire; and the
                  | following spells available to memorise: Scorch, Sticky
                  | Flame.
     0 | D:1      | Reached XP level 1. HP: 15/15 MP: 2/2
   134 | D:1      | Gained mutation: Your movements are slightly less
                  | encumbered by armour. (ER -2) [demonic ancestry]
   134 | D:1      | Reached XP level 2. HP: 21/21 MP: 3/3
   465 | D:1      | Gained mutation: You may rarely emit foul miasma when
                  | damaged in melee. [demonic ancestry]
   465 | D:1      | Reached XP level 3. HP: 26/26 MP: 4/4
   776 | D:2      | Reached skill level 1 in Dodging
   964 | D:2      | Gained mutation: You have large cloven feet. [demonic
                  | ancestry]
   964 | D:2      | Reached XP level 4. HP: 25/32 MP: 5/5
   964 | D:2      | Identified the +1 flail of Beyond {pain, Str+6}
  1536 | D:2      | Found a runed translucent door.
  1537 | D:2      | Noticed Crazy Yiuf
  1683 | Abyss:2  | Cast into level 2 of the Abyss (Crazy Yiuf)
  1704 | Abyss:2  | Noticed a bunyip zombie
  1714 | Abyss:2  | Noticed a small abomination
  1714 | Abyss:2  | Noticed a large abomination
  1718 | Abyss:2  | Mangled by a large abomination

Illustrated notes

Levels and vault maps discovered:
D:1:      dpeg_arrival_round_a, layout_basic, minmay_3d_cube
D:2:      layout_loops_ring, supply_closet_lemuel, minmay_unequal,
          uniq_crazy_yiuf_cottage
Abyss:2:  base: Temple, hangedman_decor_riveting

Skill      XL: |  1  2  3  4 |
---------------+-------------+-----
Maces & Flails | 3 |  3.0
Stealth        | 2 |  2.0
Fire Magic     | 2 3 |  3.4
Dodging        | 1 2 |  2.1
Fighting       | |  1.0
Spellcasting   | |  1.0
Invocations    | |  1.2

Action                     |  1- 3 |  4- 6 || total
---------------------------+-------+-------++-------
  Melee: Mace              |    61 |       ||    61
         Rapier            |    44 |    29 ||    73
         Punch             |     1 |       ||     1
         Kick              |       |     7 ||     7
   Cast: Foxfire           |       |     2 ||     2
    Use: Scroll            |       |     1 ||     1
   Stab: Sleeping          |     4 |     4 ||     8
 Armour: Leather armour    |    41 |       ||    41
         Ring mail         |    11 |    11 ||    22
  Dodge: Dodged            |    49 |    12 ||    61
